 Dungeon Crawl Stone Soup version 0.13.0 (webtiles) character file.

311 Lilouch the Slasher (level 5, -8/45 HPs)
             Began as a Demigod Fighter on Oct 11, 2013.
             Killed by divine providence
             ... invoked by an orc priest
              (9 damage)
             ... on Level 4 of the Dungeon.
             The game lasted 00:19:13 (3383 turns).

Lilouch the Slasher (Demigod Fighter)               Turns: 3383, Time: 00:19:13

HP  -8/45        AC 10     Str 21      XL: 5   Next: 25%
MP  17/17        EV  5     Int 12      God:
Gold 109         SH 20     Dex 16      Spells:  0 memorised,  4 levels left

Res.Fire  : . . .   See Invis. : .   D - +0 scimitar
Res.Cold  : . . .   Warding    : .   t - +0 chain mail
Life Prot.: . . .   Conserve   : .   c - +0 shield
Res.Poison: .       Res.Corr.  : .   (no helmet)
Res.Elec. : .       Clarity    : .   (no cloak)
Sust.Abil.: . .     Spirit.Shd : .   s - +0 pair of gauntlets (curse)
Res.Mut.  : .       Stasis     : .   (no boots)
Res.Rott. : .       Flight     : .   (no amulet)
Saprovore : . . .                    (no ring)
                                     g - ring of magical power

@: slightly resistant to hostile enchantments, extremely unstealthy
A: no striking features
a: no special abilities


You were on level 4 of the Dungeon.
You were not hungry.

You visited 1 branch of the dungeon, and saw 4 of its levels.

You collected 89 gold pieces.

Inventory:

Hand weapons
 a - a +0,+0 falchion
 v - the cursed +0,-1 short sword of Valiance {slice, rElec rC+, unknown}
   (You found it on level 4 of the Dungeon)

   It inflicts extra damage upon your enemies.
   It protects you from cold.
   It insulates you from electricity.
   It has a curse placed upon it.
 D - a +0,+0 scimitar (weapon)
 F - a +1,+2 sabre
Missiles
 j - 38 darts (quivered)
 k - 2 needles of paralysis
 l - 2 exploding darts
 u - 24 stones
Armour
 c - a +0 shield (worn)
 s - a cursed +0 pair of gauntlets (worn)
 t - a +0 chain mail (worn)
Comestibles
 d - 2 bread rations
 A - 9 strawberries
 B - a meat ration
Scrolls
 b - a scroll of enchant armour {unknown}
 e - 3 scrolls of remove curse {unknown}
 m - 2 scrolls of identify {unknown}
 o - 2 scrolls of fog {unknown}
 q - a scroll of amnesia {unknown}
 r - a scroll of enchant weapon II {unknown}
 w - a scroll of enchant weapon I {unknown}
 x - a scroll of curse armour {unknown}
Jewellery
 g - a ring of magical power (left hand)
Potions
 f - a potion of speed {unknown}
 h - 3 potions of flight {unknown}
 i - 2 potions of curing {unknown}
 p - 2 potions of restore abilities {unknown}
 z - a potion of might
 C - a potion of invisibility {unknown}
 E - a potion of berserk rage {unknown}
Books
 y - a book of Party Tricks

   Spells                             Type                      Level
   Summon Butterflies                 Summoning                    1
   Apportation                        Translocation                1
   Blink                              Translocation                2
   Alistair's Intoxication            Transmutation/Poison         4
   Tukima's Dance                     Hexes                        5


   Skills:
 - Level 2.6 Fighting
 * Level 3.9 Long Blades
 + Level 3.7 Armour
 + Level 3.5 Shields


You had 4 spell levels left.
You didn't know any spells.

Dungeon Overview and Level Annotations

Branches:
Dungeon (4/27)
 Temple: D:4-7


Message History

You resist.
You hit the orc wizard.
The orc wizard is moderately wounded.
The orc wizard hits you but does no damage.
The orc wizard points at you and mumbles some strange words.
The magic dart hits you!
* * * LOW HITPOINT WARNING * * *
The orc priest hits you but does no damage.
You hit the orc wizard.
The orc wizard is severely wounded.
The orc wizard hits you but does no damage.
The orc priest hits you with an orcish flail.
* * * LOW HITPOINT WARNING * * *
The orc wizard casts a spell.
The orc wizard flickers and vanishes!
Deactivating autopickup; reactivate with Ctrl-A.
You hit it but do no damage. It hits you but does no damage.
The orc priest calls down the wrath of Beogh upon you.
Something smites you!
You die...

..# #.# #.........
### #.# ###>#####.
#.#####.# #.#
#.......# #.#
###..###### #.#
##.#..# #.# #.#...#
#.# #%##o# #.# #.
#.##@#########.# #.
#o##.#.....<...#
#.###.##.#.#########
#............#
#..##......#.#
#####.(........#
...o)....#......#.##
....o...<.%.........
#####.$..#..###.#.##


You could see an orc priest.

Vanquished Creatures
  A scorpion (D:3)
  Jessica (D:2)
  6 adders
  4 worms (D:3)
  2 giant geckos (D:1)
  An ooze (D:2)
  3 orcs
  A ball python (D:3)
  3 giant cockroaches
  4 goblins
  6 hobgoblins
  3 jackals (D:4)
  15 kobolds
  4 quokkas
  9 bats
  2 giant newts (D:3)
  10 rats
75 creatures vanquished.

Notes
Turn   | Place    | Note
--------------------------------------------------------------
     0 | D:1      | Lilouch, the Demigod Fighter, began the quest for the Orb.
     0 | D:1      | Reached XP level 1. HP: 19/19 MP: 2/2
   619 | D:1      | Reached XP level 2. HP: 12/26 MP: 3/3
  1105 | D:1      | Reached skill level 3 in Armour
  1278 | D:2      | Noticed Jessica
  1320 | D:2      | Killed Jessica
  1320 | D:2      | Reached XP level 3. HP: 21/31 MP: 5/5
  2105 | D:3      | Found a snail-covered altar of Cheibriados.
  2105 | D:3      | Found an iron altar of Okawaru.
  2106 | D:3      | Found a burning altar of Makhleb.
  2108 | D:3      | Found a bloodstained altar of Trog.
  2128 | D:3      | Reached XP level 4. HP: 30/39 MP: 7/7
  3064 | D:3      | Reached XP level 5. HP: 32/45 MP: 8/8
  3326 | D:4      | Got a warped short sword
  3382 | D:4      | HP: 1/45 [orc priest/orcish flail (5)]
  3383 | D:4      | Killed from afar by an orc priest

Action                   |  1- 3 |  4- 6 || total
-------------------------+-------+-------++-------
Melee: Falchion          |   165 |   152 ||   317
       Scimitar          |       |    18 ||    18
